Cogmind - Beta 12 @@@ ROGUE MODE // 2023.11.24 @ 14:26:35 Player: Zeia Result: Destroyed by Striker with Compact Linear Accelerator Performance ------------- Evolutions (5) 2500 Regions Visited (15) 3000 Robots Destroyed (41) 205 Value Destroyed (1880) 1880 Prototype IDs (19) 380 Alien Tech Used (0) 0 Bonus (3876) 3876 TOTAL SCORE: 11841 Bonus ------- Entered DSFs 1000 Aligned with FarCom 300 Met Warlord at Base 500 MAIN.C Attacked Warlord 500 Warlord Defense Kills 1594 Friendly Fire -18 Cogmind --------- Core Integrity 0/1000 Matter 289/300 Energy 100/100 System Corruption 2% Temperature Cool (0) Movement Hovering (120) Ox1 Location -5/Warlord Parts ------- > --- POWER (2) -------- (None) > --- PROPULSION (5) --- Improved Antigrav System > --- UTILITY (7) ------ Large Storage Unit Improved Terrain Scan Processor Improved Hacking Suite > --- WEAPON (3) ------- Vortex Lance > --- INVENTORY (15) --- Energy Well (350) High-powered Tractor Beam Backup Laser III Plasma Storm Vortex Rifle (35) Vortex Rifle (35) Ripper Ripper Vortex Lance (40) Vortex Lance (40) Vortex Lance (40) Peak State ------------ > --- POWER ------------ Backup Power III Light Quantum Reactor > --- PROPULSION ------- Wheel Antigrav System Improved Antigrav System Improved Antigrav System Improved Antigrav System > --- UTILITY ---------- Advanced Cooling System Large Storage Unit Advanced Signal Interpreter Improved Terrain Scan Processor Experimental Power Shielding Improved Hacking Suite > --- WEAPON ----------- Gamma Rifle Vortex Lance > --- INVENTORY -------- Energy Well High-powered Tractor Beam Backup Laser III Plasma Storm Vortex Rifle Vortex Rifle Ripper Ripper Vortex Lance Vortex Lance Vortex Lance [Rating: 93] Favorites ----------- Power Light Angular Momentum Engine Engine Light Angular Momentum Engine Power Core Light Fission Core Reactor Light Quantum Reactor Propulsion Carbon-fiber Leg Leg Carbon-fiber Leg Wheel Wheel Hover Unit Backup Propulsion III Flight Unit VTOL Module Utility Sensor Drone Bay Device Sensor Drone Bay Storage Medium Storage Unit Processor Improved Terrain Scan Processor Hackware Improved Hacking Suite Protection Light Armor Plating Weapon Beamcaster Energy Gun Beamcaster Energy Cannon Heavy Plasma Cannon Ballistic Gun Assault Rifle Ballistic Cannon Advanced Assault Cannon Launcher Mini Grenade Launcher Slashing Weapon Katana Piercing Weapon Vortex Lance Build | -11 -10 -10 -10 -9 -8 -7 -7 -6 -6 -6 -6 -5 -5 -5 -5 ------- Run | Jun Mat Min Exi Min Mat Fac DSF Fac Was Fac DSF Fac Upp Upp War Slots Evolved 10 | . . . . . 4 2 . 2 . . . 2 . . . Power 1 | . . . . . . . . 1 . . . . . . . Propulsion 3 | . . . . . 2 . . . . . . 1 . . . Utility 5 | . . . . . 2 1 . 1 . . . 1 . . . Weapon 1 | . . . . . . 1 . . . . . . . . . Parts Attached 112 | 6 3 10 3 . 14 1 7 10 4 1 1 13 16 3 20 Power 11 | 1 . 1 . . . . . 1 . 1 . 1 4 . 2 Engine 3 | 1 . 1 . . . . . . . . . . . . 1 Core 7 | . . . . . . . . 1 . 1 . 1 4 . . Reactor 1 | . . . . . . . . . . . . . . . 1 Propulsion 33 | 2 . 4 2 . 3 . 1 3 1 . . 6 2 1 8 Treads . | . . . . . . . . . . . . . . . . Leg 17 | 2 . 4 2 . 3 . 1 3 1 . . 1 . . . Wheel 2 | . . . . . . . . . . . . . . . 2 Hover 13 | . . . . . . . . . . . . 5 2 . 6 Flight 1 | . . . . . . . . . . . . . . 1 . Utility 27 | 1 2 1 1 . 5 1 . 3 3 . 1 2 2 2 3 Device 7 | . 1 1 . . . . . 1 . . . . 2 1 1 Storage 7 | 1 1 . 1 . 1 . . 1 . . . 1 . . 1 Processor 5 | . . . . . . 1 . 1 1 . 1 . . 1 . Hackware 1 | . . . . . . . . . . . . 1 . . . Protection 7 | . . . . . 4 . . . 2 . . . . . 1 Artifact . | . . . . . . . . . . . . . . . . Weapon 41 | 2 1 4 . . 6 . 6 3 . . . 4 8 . 7 Energy Gun 7 | 1 . 1 . . . . 1 . . . . . 1 . 3 Energy Cannon 4 | . . . . . . . . . . . . . 4 . . Ballistic Gun 10 | 1 1 1 . . 4 . 1 . . . . . . . 2 Ballistic Cannon 11 | . . . . . . . 3 3 . . . 3 2 . . Launcher 4 | . . 2 . . 2 . . . . . . . . . . Special Weapon . | . . . . . . . . . . . . . . . . Impact Weapon . | . . . . . . . . . . . . . . . . Slashing Weapon 3 | . . . . . . . 1 . . . . 1 1 . . Piercing Weapon 2 | . . . . . . . . . . . . . . . 2 Special Melee Weapon . | . . . . . . . . . . . . . . . . Unidentified Prototypes 8 | . . 1 1 . . . 1 . . . . 2 . . 3 Parts Lost 42 | . . . . . . . . . 8 . . . 15 4 15 Power 6 | . . . . . . . . . . . . . 4 . 2 Propulsion 18 | . . . . . . . . . 3 . . . 6 2 7 Utility 10 | . . . . . . . . . 5 . . . 1 1 3 Weapon 8 | . . . . . . . . . . . . . 4 1 3 Highest Loss Streak 13 | . . . . . . . . . 8 . . . 8 3 13 To Critical Strikes 1 | . . . . . . . . . 1 . . . . . . Average Slot Usage (%) 79 | . 87 91 100 100 94 90 98 93 68 6 13 44 68 38 63 Engine 8 | . 14 14 14 14 9 7 7 6 4 . . . . . 7 Core 1 | . . . . . . . . 5 4 . . 4 5 . . Leg 18 | . 28 28 28 28 35 30 30 25 20 . . 3 . . . Hover 2 | . . . . . . . . . . . . 5 20 . 8 Device 8 | . 2 6 14 14 9 7 7 12 10 . . . 9 9 8 Storage 8 | . 14 14 14 14 9 7 7 5 4 . . . 3 . 3 Processor 4 | . . . . . . 5 7 5 6 6 13 11 11 11 11 Hackware 1 | . . . . . . . . . . . . 4 5 5 5 Protection 3 | . . . . . 13 15 15 13 6 . . . . . 2 Energy Gun 5 | . 1 6 14 14 3 . 3 1 . . . . . . 8 Ballistic Gun 5 | . 26 16 . . 10 15 4 . . . . . . . . Ballistic Cannon 2 | . . . . . . . 12 13 8 . . 8 1 . . Launcher 3 | . . 4 14 14 3 . . . . . . . . . . Naked Turns . | . . . . . . . . . . . . . . . . Heaviest Build 94 | 14 19 40 49 49 76 72 86 94 89 . . 42 47 7 50 Greatest Support 95 | 20 20 30 60 60 90 90 95 95 92 3 3 51 51 11 47 Greatest Overweight (x) 4 | . . 1 1 . . . . . 4 . . . 1 2 3 Average Overweight (x) . | . . . . . . . . . . . . . . . . Largest Inventory Capacity 20 | 8 10 10 15 15 20 20 20 20 20 5 5 15 15 5 15 Average Capacity 12 | 7 9 10 10 15 19 20 20 19 16 5 5 6 12 5 12 Most Carried 20 | 2 10 10 13 15 20 20 20 20 20 5 5 13 12 5 15 Average Carried 10 | . 8 9 10 14 15 19 19 17 16 3 4 4 6 4 10 Final Capacity 20 | 8 10 10 15 15 20 20 20 20 5 5 5 15 5 5 15 Final Carried 20 | 2 10 10 13 15 20 20 19 20 4 5 5 12 5 5 15 Class Distribution -------------------- 56% | Mutant 30% | Scavenger-Mutant 7% | Scavenger-Skirmisher 3% | Tank Dominant Class ---------------- Mutant | -10/Materials Scavenger-Mutant | -10/Mines Scavenger-Mutant | -10/Exiles Mutant | -9/Mines Scavenger-Mutant | -8/Materials Scavenger-Mutant | -7/Factory Scavenger-Tank | -7/DSF Scavenger-Skirmisher | -6/Factory Mutant | -6/Waste Mutant | -6/Factory Mutant | -6/DSF Mutant | -5/Factory Mutant | -5/Upper Caves Mutant | -5/Upper Caves Mutant | -5/Warlord Resources | -11 -10 -10 -10 -9 -8 -7 -7 -6 -6 -6 -6 -5 -5 -5 -5 ----------- Run | Jun Mat Min Exi Min Mat Fac DSF Fac Was Fac DSF Fac Upp Upp War Matter Collected 1823 | 224 94 150 32 21 240 . 262 220 . . . 2 363 30 185 Remotely . | . . . . . . . . . . . . . . . . Salvage Created 1755 | . 77 150 . 19 447 . 135 . . . . 66 229 24 608 Parts 87 | . 3 6 . 5 15 . 6 . . . . 4 10 1 37 Haulers Intercepted 1 | . . . . . 1 . . . . . . . . . . Recyclers Shooed . | . . . . . . . . . . . . . . . . Parts Field Recycled . | . . . . . . . . . . . . . . . . Retrieved Matter . | . . . . . . . . . . . . . . . . Parts Self-Destructed 15 | . . . . . . . . . . . . . 15 . . Prevented . | . . . . . . . . . . . . . . . . Kills | -11 -10 -10 -10 -9 -8 -7 -7 -6 -6 -6 -6 -5 -5 -5 -5 ------- Run | Jun Mat Min Exi Min Mat Fac DSF Fac Was Fac DSF Fac Upp Upp War Combat Hostiles Destroyed 36 | . 2 3 . 3 7 . 3 . . . . 1 5 1 11 Melee 12 | . . . . . . . . . . . . . 2 1 9 Guns 8 | . 2 3 . . 1 . 1 . . . . . . . 1 Cannons 5 | . . . . . . . 2 . . . . 1 2 . . AOE 9 | . . . . 3 6 . . . . . . . . . . Classes Destroyed 13 | . 1 . . 1 6 . 1 . . . . 1 . . 3 Builder 1 | . . . . . 1 . . . . . . . . . . Hauler 1 | . . . . . 1 . . . . . . . . . . Recycler 2 | . . . . . 2 . . . . . . . . . . Mechanic 1 | . . . . . 1 . . . . . . . . . . Swarmer 5 | . . . . 3 . . . . . . . . 1 1 . Grunt 21 | . 2 3 . . 5 . 2 . . . . . 4 . 5 Brawler 1 | . . . . . 1 . . . . . . . . . . Duelist 1 | . . . . . . . 1 . . . . . . . . Sentry 1 | . . . . . . . . . . . . 1 . . . Hunter 1 | . . . . . 1 . . . . . . . . . . Programmer 4 | . . . . . . . . . . . . . . . 4 Striker 1 | . . . . . . . . . . . . . . . 1 Executioner 1 | . . . . . . . . . . . . . . . 1 Best Kill Streak 11 | . 1 2 . 3 11 . 2 . . . . 1 2 1 4 Combat Bots Only 6 | . 1 2 . 3 6 . 2 . . . . 1 2 1 4 Max Kills in Single Turn 3 | . 1 1 . 2 3 . 1 . . . . 1 1 1 1 Gunslinging . | . . . . . . . . . . . . . . . . Exploded 3 | . . . . 2 3 . . . . . . . . . . Melee 1 | . . . . . . . . . . . . . 1 1 1 Uniques/NPCs Destroyed . | . . . . . . . . . . . . . . . . Combat | -11 -10 -10 -10 -9 -8 -7 -7 -6 -6 -6 -6 -5 -5 -5 -5 -------- Run | Jun Mat Min Exi Min Mat Fac DSF Fac Was Fac DSF Fac Upp Upp War Damage Taken 5296 | . 65 271 . 51 237 . 305 . 231 . 187 356 1767 393 1433 Core 1624 | . 32 60 . 13 71 . 227 . 42 . 172 89 388 264 266 Absorbed by Shields . | . . . . . . . . . . . . . . . . Redirected to Shielding 159 | . . . . . . . . . . . . . . . 159 Regen/Repaired (Parts) 656 | . . . . . 163 . . 493 . . . . . . . Core Remaining (%) 77 | 100 . . . 58 87 . 67 . . . 74 . . . . Volleys Fired 62 | . 7 13 . 3 12 . 3 . . . . 3 15 . 6 Largest 3 | . 2 2 . 1 2 . 3 . . . . 2 2 . 3 Hottest 171 | . 40 40 . 30 105 . 171 . . . . 96 138 . 110 Shots Fired 119 | . 14 26 . 3 21 . 9 . . . . 6 24 . 16 Gun 73 | . 14 26 . . 14 . 3 . . . . . . . 16 Cannon 36 | . . . . . . . 6 . . . . 6 24 . . Launcher 10 | . . . . 3 7 . . . . . . . . . . Special . | . . . . . . . . . . . . . . . . Kinetic 76 | . 14 26 . . 9 . 7 . . . . 6 9 . 5 Thermal 32 | . . . . . 5 . 2 . . . . . 15 . 10 Explosive 10 | . . . . 3 7 . . . . . . . . . . Electromagnetic 1 | . . . . . . . . . . . . . . . 1 Robot Hit Streak 9 | . 5 9 . 2 5 . 7 . . . . 3 8 . 6 Robot Miss Streak 3 | . 1 2 . 1 3 . 1 . . . . 3 2 . 2 Penetration Max . | . . . . . . . . . . . . . . . . Secondary Targets 1 | . . . . . . . . . . . . . . . 1 Max Gunslinging Chain 1 | . . . . . . . . . . . . . . . 1 Shots Hit Robots 108 | . 10 21 . 2 14 . 5 . . . . 7 20 1 28 Core Hits 71 | . 4 9 . 3 29 . 4 . . . . 2 9 . 11 Critical Kills 1 | . . . . . . . . . . . . . 1 . . Critical Parts Destroyed . | . . . . . . . . . . . . . . . . Critical Strikes 3 | . . . . . . . . . . . . . 1 . 2 Meltdown 1 | . . . . . . . . . . . . . 1 . . Sunder 2 | . . . . . . . . . . . . . . . 2 Melee Attacks 36 | . . . . . . . 1 . . . . 4 6 2 23 Impact . | . . . . . . . . . . . . . . . . Slashing 13 | . . . . . . . 1 . . . . 4 6 2 . Piercing . | . . . . . . . . . . . . . . . . Entropic 23 | . . . . . . . . . . . . . . . 23 Sneak Attacks . | . . . . . . . . . . . . . . . . Combat Hostiles . | . . . . . . . . . . . . . . . . Follow-up Attacks . | . . . . . . . . . . . . . . . . Damage Inflicted 4023 | . 108 213 . 217 946 . 108 . . . . 219 661 42 1509 Guns 708 | . 108 213 . . 169 . 52 . . . . . . . 166 Cannons 655 | . . . . . . . 56 . . . . 88 511 . . Explosions 994 | . . . . 217 777 . . . . . . . . . . Melee 1666 | . . . . . . . . . . . . 131 150 42 1343 Ramming . | . . . . . . . . . . . . . . . . Kinetic 768 | . 108 213 . . 65 . 65 . . . . 88 164 . 65 Thermal 746 | . . . . . 286 . 43 . . . . . 347 . 70 Explosive 812 | . . . . 217 595 . . . . . . . . . . Electromagnetic 31 | . . . . . . . . . . . . . . . 31 Impact . | . . . . . . . . . . . . . . . . Slashing 323 | . . . . . . . . . . . . 131 150 42 . Piercing . | . . . . . . . . . . . . . . . . Entropic 1343 | . . . . . . . . . . . . . . . 1343 Highest Corruption 2 | . . . . . . . . . . . . . 1 1 2 Average Corruption 1 | . . . . . . . . . . . . . 1 1 1 Corruption Purged . | . . . . . . . . . . . . . . . . Corruption Blocked 29 | . . . . . . . . . . . . . . . 29 Effects 4 | . . . . . . . . . . . . . . 1 3 Message Errors 1 | . . . . . . . . . . . . . . . 1 Matter Fused 1 | . . . . . . . . . . . . . . . 1 Data Loss (minor) 1 | . . . . . . . . . . . . . . . 1 Alerts 1 | . . . . . . . . . . . . . . 1 . Overload Shots . | . . . . . . . . . . . . . . . . Overflow Damage 160 | . . . . . 43 . . . . . . . 8 24 85 Projectiles 8 | . . . . . . . . . . . . . 8 . . Explosions 43 | . . . . . 43 . . . . . . . . . . Melee 109 | . . . . . . . . . . . . . . 24 85 Knockbacks 6 | . . . . . . . . . . . . 1 5 . . Impact . | . . . . . . . . . . . . . . . . Kinetic 6 | . . . . . . . . . . . . 1 5 . . Secondary . | . . . . . . . . . . . . . . . . Self-Inflicted Damage 53 | . . . . 13 40 . . . . . . . . . . Shots 2 | . . . . 1 1 . . . . . . . . . . Rammed . | . . . . . . . . . . . . . . . . Targets Rammed . | . . . . . . . . . . . . . . . . Kicked . | . . . . . . . . . . . . . . . . Crushed . | . . . . . . . . . . . . . . . . Highest Temperature 1188 | . 6 36 . . 231 . 1188 . . . . 21 396 . . Average Temperature 247 | . 6 13 . . 75 . 593 . . . . 14 190 . . Received Heat Transfer 1219 | . 36 189 . . 72 . 27 . . . 18 78 580 63 156 Effects 35 | . . . . . . . 32 . . . . . 3 . . Shutdowns 7 | . . . . . . . 6 . . . . . 1 . . Energy Bleed 2 | . . . . . . . 1 . . . . . 1 . . Interference 4 | . . . . . . . 4 . . . . . . . . Matter Decay 3 | . . . . . . . 3 . . . . . . . . Short Circuit 2 | . . . . . . . 1 . . . . . 1 . . Damage (minor) 1 | . . . . . . . 1 . . . . . . . . Damage (major) 14 | . . . . . . . 14 . . . . . . . . Damage (core) 2 | . . . . . . . 2 . . . . . . . . Siege Activations . | . . . . . . . . . . . . . . . . Robots Corrupted . | . . . . . . . . . . . . . . . . Combat Hostiles . | . . . . . . . . . . . . . . . . Parts Fried . | . . . . . . . . . . . . . . . . Impact Corruptions . | . . . . . . . . . . . . . . . . Robots Melted 1 | . . . . . . . . . . . . . 1 . . Combat Hostiles 1 | . . . . . . . . . . . . . 1 . . Parts Melted 2 | . . . . . . . . . . . . . 2 . . Heat Transferred 1094 | . . . . . 285 . 74 . . . . . 550 . 185 Parts Sabotaged 4 | . . . . . . . . . . . . . . . 4 Parts Stolen . | . . . . . . . . . . . . . . . . Parts Stripped . | . . . . . . . . . . . . . . . . Power Chain Reactions . | . . . . . . . . . . . . . . . . Missiles Intercepted . | . . . . . . . . . . . . . . . . Alert | -11 -10 -10 -10 -9 -8 -7 -7 -6 -6 -6 -6 -5 -5 -5 -5 ------- Run | Jun Mat Min Exi Min Mat Fac DSF Fac Was Fac DSF Fac Upp Upp War Peak Influence 283 | . 125 95 . 108 283 53 173 92 15 . . 45 . . . Initial 90 | . . . . . . 48 37 90 . . . . . . . Average 47 | . 57 17 . 102 87 50 103 67 5 . . 17 . . . Maximum Alert Level 1 | . . . . . 1 . . . . . . . . . . Low Security (%) 97 | 100 100 100 . 100 84 100 100 100 100 100 100 100 . . . Level 1 2 | . . . . . 15 . . . . . . . . . . Level 2 . | . . . . . . . . . . . . . . . . Level 3 . | . . . . . . . . . . . . . . . . Level 4 . | . . . . . . . . . . . . . . . . Level 5 . | . . . . . . . . . . . . . . . . High Security . | . . . . . . . . . . . . . . . . Max Security . | . . . . . . . . . . . . . . . . Sterilizations 1 | . . . . . . . 1 . . . . . . . . Squads Dispatched 6 | . 3 . . . 1 . . . . 1 1 . . . . Investigation 2 | . 1 . . . . . . . . 1 . . . . . Extermination . | . . . . . . . . . . . . . . . . Reinforcement 4 | . 2 . . . 1 . . . . . 1 . . . . Assault . | . . . . . . . . . . . . . . . . Garrison . | . . . . . . . . . . . . . . . . Intercept . | . . . . . . . . . . . . . . . . Searches Triggered . | . . . . . . . . . . . . . . . . Construction Impeded 1 | . . . . . 1 . . . . . . . . . . Haulers Reinforced . | . . . . . . . . . . . . . . . . Active Scanning Responses . | . . . . . . . . . . . . . . . . Cargo Convoy Interrupts . | . . . . . . . . . . . . . . . . Stealth | -11 -10 -10 -10 -9 -8 -7 -7 -6 -6 -6 -6 -5 -5 -5 -5 --------- Run | Jun Mat Min Exi Min Mat Fac DSF Fac Was Fac DSF Fac Upp Upp War Distress Signals 2 | . 1 . . . . . . . . . . . . . 1 Communications Jammed . | . . . . . . . . . . . . . . . . Distress Signals . | . . . . . . . . . . . . . . . . Times Spotted 120 | . 9 4 . 3 8 . 7 . 6 . 5 12 16 21 29 Peak Tracking Total 21 | . 4 2 . 3 3 . 5 . 6 . 5 12 8 15 21 Tactical Retreats 11 | . 1 1 . . . . 1 . . . . . 3 4 1 Traps | -11 -10 -10 -10 -9 -8 -7 -7 -6 -6 -6 -6 -5 -5 -5 -5 ------- Run | Jun Mat Min Exi Min Mat Fac DSF Fac Was Fac DSF Fac Upp Upp War Traps Triggered 2 | . 1 . . . . . . 1 . . . . . . . Indirectly . | . . . . . . . . . . . . . . . . Trap Hack Attempts . | . . . . . . . . . . . . . . . . Triggered . | . . . . . . . . . . . . . . . . Disarmed . | . . . . . . . . . . . . . . . . Reprogrammed . | . . . . . . . . . . . . . . . . Reused . | . . . . . . . . . . . . . . . . Traps Extracted . | . . . . . . . . . . . . . . . . Installed . | . . . . . . . . . . . . . . . . Triggered 27 | . . . . . . . . . . . . . . 2 25 Machines | -11 -10 -10 -10 -9 -8 -7 -7 -6 -6 -6 -6 -5 -5 -5 -5 ---------- Run | Jun Mat Min Exi Min Mat Fac DSF Fac Was Fac DSF Fac Upp Upp War Machines Disabled 2 | . . . . . 2 . . . . . . . . . . Max in Single Turn 1 | . . . . . 1 . . . . . . . . . . Machines Repaired . | . . . . . . . . . . . . . . . . Machines Sabotaged . | . . . . . . . . . . . . . . . . Overloaded Fab Kills . | . . . . . . . . . . . . . . . . Hacking | -11 -10 -10 -10 -9 -8 -7 -7 -6 -6 -6 -6 -5 -5 -5 -5 --------- Run | Jun Mat Min Exi Min Mat Fac DSF Fac Was Fac DSF Fac Upp Upp War Machines Accessed 28 | . 5 1 . . 6 1 . 1 . 2 . 8 . . 4 Terminals 15 | . 4 . . . 3 1 . . . 1 . 6 . . . Fabricators . | . . . . . . . . . . . . . . . . Repair Stations 2 | . . . . . 1 . . 1 . . . . . . . Recycling Units 3 | . 1 . . . 1 . . . . . . 1 . . . Scanalyzers 3 | . . . . . 1 . . . . 1 . 1 . . . Garrison Access . | . . . . . . . . . . . . . . . . Total Hacks 82 | . 14 1 . . 23 1 . 6 . 7 . 20 . . 10 Successful 53 | . 4 1 . . 14 1 . 5 . 5 . 13 . . 10 Failed 29 | . 10 . . . 9 . . 1 . 2 . 7 . . . Catastrophic 2 | . 1 . . . 1 . . . . . . . . . . Database Lockouts . | . . . . . . . . . . . . . . . . Manual 26 | . 9 . 1 . 7 . . . . . . 9 . . . Terminals 40 | . 11 . . . 10 1 . . . 1 . 17 . . . Fabricators . | . . . . . . . . . . . . . . . . Repair Stations 14 | . . . . . 8 . . 6 . . . . . . . Recycling Units 6 | . 3 . . . 2 . . . . . . 1 . . . Scanalyzers 11 | . . . . . 3 . . . . 6 . 2 . . . Garrison Access . | . . . . . . . . . . . . . . . . Terminal Hacks 24 | . 2 1 . . 2 1 . . . 1 . 7 . . 10 Record 4 | . . . . . . . . . . . . 2 . . 2 Prototype ID Bank 6 | . . . . . . . . . . . . . . . 6 Open Door 3 | . . 1 . . . . . . . . . . . . 2 Open DSF 2 | . . . . . . 1 . . . 1 . . . . . Level Access Points 1 | . 1 . . . . . . . . . . . . . . Branch Access Points 1 | . 1 . . . . . . . . . . . . . . Emergency Access Points 1 | . . . . . 1 . . . . . . . . . . Alert Level 2 | . . . . . . . . . . . . 2 . . . Unreport Threat 1 | . . . . . . . . . . . . 1 . . . Locate Traps 2 | . . . . . . . . . . . . 2 . . . Zone Layout 1 | . . . . . 1 . . . . . . . . . . Fabricator Hacks . | . . . . . . . . . . . . . . . . Repair Station Hacks 11 | . . . . . 6 . . 5 . . . . . . . Scan Component 6 | . . . . . 3 . . 3 . . . . . . . Repair 5 | . . . . . 3 . . 2 . . . . . . . Recycling Unit Hacks 3 | . 1 . . . 1 . . . . . . 1 . . . Report Inventory 3 | . 1 . . . 1 . . . . . . 1 . . . Scanalyzer 9 | . . . . . 3 . . . . 4 . 2 . . . Insert Component 4 | . . . . . 1 . . . . 2 . 1 . . . Analyze 5 | . . . . . 2 . . . . 2 . 1 . . . Garrison Access Hacks . | . . . . . . . . . . . . . . . . Unauthorized Hacks 6 | . 1 . . . 2 . . . . . . 3 . . . Terminals 6 | . 1 . . . 2 . . . . . . 3 . . . Botnet 6 | . 1 . . . 2 . . . . . . 3 . . . Fabricators . | . . . . . . . . . . . . . . . . Repair Stations . | . . . . . . . . . . . . . . . . Recycling Units . | . . . . . . . . . . . . . . . . Scanalyzers . | . . . . . . . . . . . . . . . . Garrison Access . | . . . . . . . . . . . . . . . . Data Cores Recovered . | . . . . . . . . . . . . . . . . Used . | . . . . . . . . . . . . . . . . Hacking Detections 18 | . 5 . . . 5 . . 1 . 1 . 6 . . . Full Trace Events 3 | . 2 . . . . . . . . 1 . . . . . Feedback Events . | . . . . . . . . . . . . . . . . Feedback Blocked . | . . . . . . . . . . . . . . . . Robot Schematics Acquired . | . . . . . . . . . . . . . . . . Robots Built . | . . . . . . . . . . . . . . . . Authchips . | . . . . . . . . . . . . . . . . Time . | . . . . . . . . . . . . . . . . Total Robot Build Rating . | . . . . . . . . . . . . . . . . Part Schematics Acquired 3 | . . . . . 1 . . . . 1 . 1 . . . Parts Built . | . . . . . . . . . . . . . . . . Authchips . | . . . . . . . . . . . . . . . . Time . | . . . . . . . . . . . . . . . . Total Part Build Rating . | . . . . . . . . . . . . . . . . Parts Repaired 5 | . . . . . 3 . . 2 . . . . . . . Time 154 | . . . . . 90 . . 64 . . . . . . . Parts Recycled . | . . . . . . . . . . . . . . . . Recycled Matter . | . . . . . . . . . . . . . . . . Retrieved Matter . | . . . . . . . . . . . . . . . . Retrieved Components . | . . . . . . . . . . . . . . . . Parts Scanalyzed 4 | . . . . . 1 . . . . 2 . 1 . . . Part Schematics Acquired 3 | . . . . . 1 . . . . 1 . 1 . . . Parts Damaged . | . . . . . . . . . . . . . . . . Bothacking | -11 -10 -10 -10 -9 -8 -7 -7 -6 -6 -6 -6 -5 -5 -5 -5 ------------ Run | Jun Mat Min Exi Min Mat Fac DSF Fac Was Fac DSF Fac Upp Upp War Used RIF Installer . | . . . . . . . . . . . . . . . . Robots Hacked . | . . . . . . . . . . . . . . . . Non-combat . | . . . . . . . . . . . . . . . . Combat . | . . . . . . . . . . . . . . . . Robot Hacks Applied . | . . . . . . . . . . . . . . . . Relay Couplers Released . | . . . . . . . . . . . . . . . . Fabnet Peak Effective % . | . . . . . . . . . . . . . . . . Robots Rewired . | . . . . . . . . . . . . . . . . Allies Hacked . | . . . . . . . . . . . . . . . . Hacks Repelled . | . . . . . . . . . . . . . . . . Allies | -11 -10 -10 -10 -9 -8 -7 -7 -6 -6 -6 -6 -5 -5 -5 -5 -------- Run | Jun Mat Min Exi Min Mat Fac DSF Fac Was Fac DSF Fac Upp Upp War Total Allies 1 | . . . . 1 . . . . . . . . . . . Largest Group 1 | . . . . 1 1 . . . . . . . . . . Highest-Rated Group 31 | . . . . 31 31 . . . . . . . . . . Highest-Rated Ally 31 | . . . . 31 31 . . . . . . . . . . Total Orders 2 | . . 2 . . . . . . . . . . . . . RETURN 2 | . . 2 . . . . . . . . . . . . . Ally Attacks . | . . . . . . . . . . . . . . . . Total Damage . | . . . . . . . . . . . . . . . . Kills . | . . . . . . . . . . . . . . . . Allies Corrupted . | . . . . . . . . . . . . . . . . Allies Melted . | . . . . . . . . . . . . . . . . Intel | -11 -10 -10 -10 -9 -8 -7 -7 -6 -6 -6 -6 -5 -5 -5 -5 ------- Run | Jun Mat Min Exi Min Mat Fac DSF Fac Was Fac DSF Fac Upp Upp War Robot Analysis Total . | . . . . . . . . . . . . . . . . Derelict Logs Recovered 4 | . . 1 . 2 . . . . . . . . 1 . . Drone Launches 2 | . . 2 . . . . . . . . . . . . . Drone Recoveries 2 | . . 2 . . . . . . . . . . . . . Exploration | -11 -10 -10 -10 -9 -8 -7 -7 -6 -6 -6 -6 -5 -5 -5 -5 ------------- Run | Jun Mat Min Exi Min Mat Fac DSF Fac Was Fac DSF Fac Upp Upp War Turns Passed 7472 | 66 428 1194 1069 418 706 108 144 541 111 94 43 818 393 300 1039 Spaces Moved 6610 | 48 315 745 706 420 392 101 113 385 106 178 79 770 631 753 868 Core 939 | 2 . . . . . . . . 42 178 79 95 . 113 430 Treads . | . . . . . . . . . . . . . . . . Legs 3609 | 46 315 745 706 420 392 101 113 385 64 . . 322 . . . Wheels 71 | . . . . . . . . . . . . . . . 71 Hover 1364 | . . . . . . . . . . . . 353 631 13 367 Flight 627 | . . . . . . . . . . . . . . 627 . Fastest Speed 35 | 50 120 120 90 90 105 105 105 105 50 50 50 38 36 35 50 Average Speed 95 | 117 120 147 149 90 105 105 105 106 88 50 50 75 49 37 105 Slowest Speed 320 | 120 120 190 190 90 105 105 105 107 250 50 50 120 101 150 320 Overloaded Moves . | . . . . . . . . . . . . . . . . Propulsion Burnouts . | . . . . . . . . . . . . . . . . Robots Hopped . | . . . . . . . . . . . . . . . . Cave-ins Triggered . | . . . . . . . . . . . . . . . . Exploration Rate (%) 53 | 5 54 94 91 88 34 2 91 6 73 5 73 20 67 79 78 Regions Visited 15 Branch Regions 6 Pre-discovered Areas 1 | . . . . . . . . . . . . . 1 . . Known Exits Taken 7 | . 1 . . 1 1 1 . . . 1 . 1 . 1 . Unknown Exits Taken 4 | 1 . 1 1 . . . . . . . . . 1 . . Scrap Searched 7 | . . 1 . 1 . . . . . . . . 1 4 . Spaces Dug 2 | . . . . . . . 1 . . . . . . 1 . Terrain Destroyed 106 | . . . . 29 67 . 1 . . . . 3 5 1 . Melee 2 | . . . . . . . 1 . . . . . . 1 . Projectile 8 | . . . . . . . . . . . . 3 5 . . AOE 96 | . . . . 29 67 . . . . . . . . . . Terrain Rammed . | . . . . . . . . . . . . . . . . Walls Destroyed . | . . . . . . . . . . . . . . . . Machines Disabled . | . . . . . . . . . . . . . . . . Actions | -11 -10 -10 -10 -9 -8 -7 -7 -6 -6 -6 -6 -5 -5 -5 -5 --------- Run | Jun Mat Min Exi Min Mat Fac DSF Fac Was Fac DSF Fac Upp Upp War Total 7595 | 55 354 820 718 457 661 103 131 517 123 182 81 995 683 763 952 Wait 651 | . 12 44 . 31 236 . . 99 13 . . 188 8 . 20 Move 6596 | 47 314 744 705 419 391 100 112 385 105 177 78 769 630 752 868 Hop . | . . . . . . . . . . . . . . . . Pick Up 82 | 2 13 2 5 3 7 1 2 16 . 2 1 14 2 2 10 Fast Attach 44 | 6 . 2 2 . 5 . 3 3 . 1 1 6 1 3 11 Attach 45 | . 1 . . . 3 1 4 4 4 . . 7 15 . 6 Detach 19 | . . . . . 1 . 1 4 1 1 . 2 6 1 2 Swap 23 | . 2 8 1 . 6 . . 3 . . . . . . 3 Drop 35 | . 5 7 5 1 . 1 5 3 . 1 1 2 . 3 1 Fire 62 | . 7 13 . 3 12 . 3 . . . . 3 15 . 6 Melee 36 | . . . . . . . 1 . . . . 4 6 2 23 Ram . | . . . . . . . . . . . . . . . . Kick . | . . . . . . . . . . . . . . . . Crush . | . . . . . . . . . . . . . . . . Escape Stasis . | . . . . . . . . . . . . . . . . Rewire 2 | . . . . . . . . . . . . . . . 2 Trap . | . . . . . . . . . . . . . . . . Miscellaneous . | . . . . . . . . . . . . . . . . Route ------- -11/Junkyard -10/Materials (discovered 4 exits: *Mat x3 / *Min) -10/Mines (discovered 2 exits: *Mat / *Exi) -10/Exiles (discovered 2 exits: [*Min x2]) -9/Mines (discovered 2 exits: *Mat x2) -8/Materials (discovered 2 exits: *Fac x2) -7/Factory -7/DSF -6/Factory -6/Waste -6/Factory -6/DSF -5/Factory (discovered 2 exits: [*Fac] / *Upp) -5/Upper Caves -5/Upper Caves -5/Warlord (discovered 1 exit: [*Pro]) History --------- Turn | Location | Event 26 | -11/Junkyard | Discovered new exit (range 15) 67 | -11/Junkyard | Entered Materials 302 | -10/Materials | Discovered new exit (range 11) 312 | -10/Materials | Build established: Mutant 378 | -10/Materials | Discovered new exit (range 15) 410 | -10/Materials | Identified exit to Materials 410 | -10/Materials | Identified exit to Mines 495 | -10/Materials | Entered Mines 500 | -10/Mines | Met a Derelict bent on vengeance 584 | -10/Mines | Found a hidden stash of uninstalled traps 606 | -10/Mines | Learned location of 2 exits from Materials 893 | -10/Mines | Deemed a non-threat by the Exiles lab entrance 893 | -10/Mines | Discovered new exit (range 5) 1063 | -10/Mines | Discovered exit to Materials (range 10) 1131 | -10/Mines | Found the Drone Emporium 1136 | -10/Mines | Found Prototype Device 1136 | -10/Mines | Identified Sensor Drone Bay 1398 | -10/Mines | Build established: Scavenger-Mutant 1689 | -10/Mines | Entered Exiles 1722 | -10/Exiles | Discovered new exit (range 15) 1748 | -10/Exiles | Met 8R-AWN 1771 | -10/Exiles | Met EX-HEX 1830 | -10/Exiles | Met EX-BIN 1936 | -10/Exiles | Met EX-DEC 1974 | -10/Exiles | Visited The Gauntlet 2290 | -10/Exiles | Discovered new exit (range 14) 2434 | -10/Exiles | Aligned with FarCom system 2436 | -10/Exiles | Given EX-Vault access code 2482 | -10/Exiles | Opened EX-Vault 2492 | -10/Exiles | Found Prototype Leg 2492 | -10/Exiles | Identified Potential Leg 2495 | -10/Exiles | Found Potential Leg 2523 | -10/Exiles | Warned to stay clear of 0b10 Research branches 2758 | -10/Exiles | Left Exiles lab with Potential Leg 2758 | -10/Exiles | Entered Mines 2766 | -9/Mines | Discovered new exit (range 15) 2796 | -9/Mines | Build established: Mutant 2836 | -9/Mines | Learned Materials interactive machine intel 2894 | -9/Mines | Identified exit to Materials 2915 | -9/Mines | Received a Mining Laser from a helpful Derelict 2946 | -9/Mines | Received a Rocket Launcher from a helpful Derelict 3176 | -9/Mines | Entered Materials 3176 | -8/Materials | Accompanied by 1 ally 3176 | -8/Materials | Evolved 4 slots: Propulsion x2, Utility x2 3177 | -8/Materials | Identified exit to Factory 3178 | -8/Materials | Loaded intel: 19 interactive machine locations 3496 | -8/Materials | Build established: Scavenger-Mutant 3816 | -8/Materials | Repaired Carbon-fiber Leg 3844 | -8/Materials | Repaired Lgt. Armor Plating 3870 | -8/Materials | Repaired Lgt. Armor Plating 3882 | -8/Materials | Entered Factory 3882 | -7/Factory | Evolved 2 slots: Utility x1, Weapon x1 3937 | -7/Factory | Identified exit to DSF 3990 | -7/Factory | Entered DSF 3990 | -7/DSF | Encountered a pitched battle between 0b10 and Warlord forces 4020 | -7/DSF | Spotted B-75 Beast 4026 | -7/DSF | Sterilization system engaged 4044 | -7/DSF | Discovered new exit (range 15) 4046 | -7/DSF | Ambient heat levels rising (+10) 4061 | -7/DSF | Ambient heat levels rising (+10) 4076 | -7/DSF | Ambient heat levels rising (+10) 4091 | -7/DSF | Ambient heat levels rising (+10) 4106 | -7/DSF | Ambient heat levels rising (+10) 4121 | -7/DSF | Ambient heat levels rising (+10) 4133 | -7/DSF | Identified exit to Factory 4134 | -7/DSF | Entered Factory 4134 | -6/Factory | Evolved 2 slots: Power x1, Utility x1 4225 | -6/Factory | Repaired Hcp. Storage Unit 4378 | -6/Factory | Repaired Carbon-fiber Leg 4675 | -6/Factory | Sucked down chute 4675 | -6/Factory | Entered Waste 4684 | -6/Waste | Spotted C-40 Crusher 4687 | -6/Waste | Build established: Scavenger-Skirmisher 4721 | -6/Waste | Spotted C-40 Crusher 4727 | -6/Waste | Crushed by Compactor (1 part destroyed, 1 dropped) 4727 | -6/Waste | Spotted C-40 Crusher 4747 | -6/Waste | Spotted C-40 Crusher 4753 | -6/Waste | Spotted C-40 Crusher 4755 | -6/Waste | Crushed by Compactor (1 part destroyed, 2 dropped) 4758 | -6/Waste | Crushed by Compactor (1 part destroyed, 1 dropped) 4761 | -6/Waste | Crushed by Compactor (1 part destroyed, 1 dropped) 4762 | -6/Waste | Crushed by Compactor (1 part destroyed, 2 dropped) 4765 | -6/Waste | Crushed by Compactor (1 part destroyed, 1 dropped) 4765 | -6/Waste | Spotted C-40 Crusher 4777 | -6/Waste | Discovered new exit (range 16) 4786 | -6/Waste | Identified exit to Factory 4786 | -6/Waste | Entered Factory 4796 | -6/Factory | Lost 8 parts (3n5u) 4879 | -6/Factory | Identified exit to DSF 4880 | -6/Factory | Entered DSF 4913 | -6/DSF | Additional patrols routed to DSF 4917 | -6/DSF | Discovered new exit (range 12) 4922 | -6/DSF | Identified exit to Factory 4923 | -6/DSF | Entered Factory 4923 | -5/Factory | Evolved 2 slots: Propulsion x1, Utility x1 5037 | -5/Factory | Build established: Mutant 5704 | -5/Factory | Discovered new exit (range 5) 5727 | -5/Factory | Identified exit to Upper Caves 5741 | -5/Factory | Discovered new exit (range 7) 5741 | -5/Factory | Entered Upper Caves 5747 | -5/Upper Caves | Met a Warlord Commander 5748 | -5/Upper Caves | Learned location of Warlord (-5) 5752 | -5/Upper Caves | Found Encrypted Comm Array 5810 | -5/Upper Caves | Attracted the attention of an 0b10 checkpoint 5854 | -5/Upper Caves | Ambushed by wild Derelicts 5873 | -5/Upper Caves | Lost 5 parts (2p2n1w) 5920 | -5/Upper Caves | Learned 8 Factory zone layouts 6044 | -5/Upper Caves | Lost 8 parts (1p3n1u3w) 6124 | -5/Upper Caves | Discovered new exit (range 16) 6134 | -5/Upper Caves | Entered another Upper Caves area 6136 | -5/Upper Caves | Attracted the attention of an 0b10 checkpoint 6138 | -5/Upper Caves | Core integrity fell below 50% 6174 | -5/Upper Caves | Lost 3 parts (1p2n) 6431 | -5/Upper Caves | Discovered new exit (range 5) 6433 | -5/Upper Caves | Identified exit to Warlord 6434 | -5/Upper Caves | Entered Warlord 6455 | -5/Warlord | Lost 3 parts (1n1u1w) 6468 | -5/Warlord | Discovered new exit (range 15) 6486 | -5/Warlord | System corruption cleaned by Quarantine Array 6637 | -5/Warlord | Visited the Vortex Lab 6658 | -5/Warlord | Warlord's base attacked by MAIN.C 6691 | -5/Warlord | Found Prototype Energy Gun 6693 | -5/Warlord | Found Prototype Energy Gun 6697 | -5/Warlord | Found Prototype Piercing Weapon 6699 | -5/Warlord | Found Prototype Piercing Weapon 6701 | -5/Warlord | Found Prototype Piercing Weapon 6704 | -5/Warlord | Found Prototype Piercing Weapon 6886 | -5/Warlord | Met Warlord 6938 | -5/Warlord | Found Prototype Energy Gun 6959 | -5/Warlord | Identified Vortex Lance (x4) 6960 | -5/Warlord | Identified Vortex Rifle (x2) 7008 | -5/Warlord | Warlord forces counterattacked 7204 | -5/Warlord | Spotted Executioner 7248 | -5/Warlord | P-80 Master assimilated allied ML-303(m) 7250 | -5/Warlord | Spotted Executioner 7252 | -5/Warlord | P-80 Master assimilated allied 1C-KCZ(m) 7280 | -5/Warlord | Core integrity fell below 20% 7284 | -5/Warlord | Destroyed Executioner 7333 | -5/Warlord | Warlord base infiltrated, sounded retreat 7384 | -5/Warlord | Spotted Striker 7414 | -5/Warlord | Destroyed Striker 7450 | -5/Warlord | Spotted Executioner 7470 | -5/Warlord | Spotted Striker 7473 | -5/Warlord | Destroyed by Striker with Compact Linear Accelerator Last Messages --------------- arriving soon. 07448_ G-50 Soldier destroyed. 07452_ Penetrated by Slug. 07452_ Slug penetrates Wall. 07456_ Antigrav System destroyed. 07457_ G-50 Soldier destroyed. 07458_ ANNOUNCEMENT: Detected 1 Melee squad, 1 Saboteur squad, 2 Grunt squads, with prototype support. 07458_ Penetrated by Slug. 07458_ Imp. Antigrav System destroyed. 07458_ Slug penetrates Wall. 07460_ Gamma Rifle destroyed. 07461_ Wheel destroyed. 07462_ Acquired Lgt. Angular Momentum Engine. 07472_ Imp. Antigrav System blown off. 07472_ Lgt. Angular Momentum Engine blown off. 07472_ Lgt. Quantum Reactor blown off. 07472_ Adv. Cooling System blown off. 07473_ System corrupted: Matter fused (-6). 07473_ Adv. Signal Interpreter destroyed. Map ----- +----------------------------------------------------+ | ??""??????????????????# #????????? | | ?#""#?????????????????## ##???????? | | ?#""#??????????????????## #??????#? | | ##""#####???????????????## ##??? #? | | "" "############?????## ##? #?? | | "" """"""""""""#??????## # #??? | | "" """"""""""""#?####?## #???? | | ### ### #???? | | + ## #??? | | + ! ##?# #??? | | #### ##??? #??? | | "" """"""""""""#??## #???? #??? | | "" """"""""""""#???# #???? ??? | | "" "############???# ##???? #?? | | ##""#####?????????????## #????? #?? | | ?#""#???????????????### ^ #???? ???? | | ?#""#???????????????#" "#???? ???? | | ??""????????????????#" "#????? ???? | | ???????????????????## "#????? #???? | | ???????????????????# ^ "?????? #???? | | ?????????????????###; "#?????? #???? | | ?????????????????# ; "#?????? ##??? | | ?????????????????# =%= ;#????## #??? | | ?????????????????#;=%! ###?## #??? | | ?????????????????#;[[= ### #??? | | ??????????????####;=%=; %@;;# % " | | ?????????????## #!%!###!=*;# " # | | ?????????????# [[ #?#; e;; #??? | | ?????????????# ###; K; ##??? | | ?????????????# #" # ;; #???? | | ?????????????####""= # ###; ##???? | | ????????????????#"! /###???#;####????? | | ????????????????##!%##??????##???????? | | ?????????????????#%|#????????????????? | | ?????????????????# #????????????????? | | ?????????????????# #????????????????? | | ?????????????????# #????????????????? | | ?????????????????# #????????????????? | | ????###??????????#% #????????????????? | | #####X############ #????????????????? | | %#????????????????? | | %%#????????????????? | | #####################????????????????? | | ?????????????????????????????????????? | | ?????????????????????????????????????? | | ?????????????????????????????????????? | | ?????????????????????????????????????? | | ?????????????????????????????????????? | | | | | +----------------------------------------------------+ Best States ------------- Heat Dissipation 71 Energy Generation 38 Energy Capacity 375 Matter Stores 300 Matter Capacity 300 Sight Range 16 Robot Scan Range 16 Terrain Scan Density 110 Armor Coverage 300 Power Shielding 90 Evasion (%) 63 Offensive Hacking 12 Item Schematics ----------------- Lrg. Storage Unit | -8/Materials | Scanalyzed Adv. Assault Cannon | -6/Factory | Scanalyzed Hpw. Tractor Beam | -5/Factory | Scanalyzed Robot Schematics ------------------ None Fabricated ------------ Nothing Alien Tech Used ----------------- None Achievements -------------- A Powerful Ally? It's Just You Challenges ------------ None Game ------ Seed NuclearPowerBattery Manual? 0 Play Time 02:06:52 Cumulative 16.2 hours Start 2023.11.23 @ 18:52:16 End 2023.11.24 @ 14:26:35 Sessions 19 Manual Loads 0 Difficulty Rogue Special Mode None Game No. 12 Rogue 12 Adventurer 0 Explorer 0 Win Type - Total 0 Types 0/0/0/0/0/0/0/0/0 Lore% 17 Gallery% 19 Achievement% 20 Wizard Run 0 Options --------- ASCII 0 Keyboard 1 Movement Vi Keybinds 0 Fullscreen 1 Font 18/X11 Map View 76x50 Tactical HUD 1 Map Filters NONE Filters NONE Steam 1 RUN: 6481bbfe-3354-4ee9-a32d-0fc9159d011e